cohdb
Replays
Latest Replays
All Replays
Popular Replays
Top Player Replays
Match Explorer
How It Works
Community
CoH3 Stats
Reddit
Sign in to upload your games and track your stats! →
Sign in with Steam
Match 42819584
Unlisted
Match 42819584
Overview
Messages
Build Orders
End
Royal Engineer Section
Vickers Machine Gun Team
Construct Section Command Post
Infantry Section
Construct Field Infirmary
Selects Canadian Shock Battlegroup
Selects Attacking Spirit
Selects Canadian Shock Section
Canadian Shock Section
Construct Platoon Command Post
Humber Armored Car
Selects Burnout
6-pounder Anti-tank Gun Team
Canadian Shock Section
Burnout
Burnout
Burnout
Construct Company Command Post
Unlock M3 Grant Medium Tanks
M3 Grant Medium Tank
M3 Grant Medium Tank
Burnout
Foot Guards Section
Royal Engineer Section
M3 Grant Medium Tank
Burnout
M3 Grant Medium Tank
ßoo
KernalWolf
0
0
Comments
sign in to comment!
No comments posted yet!